 Dungeon Crawl Stone Soup version 0.29.1-15-g9cfb28693d (webtiles) character file.

Game seed: 4229036495786792684

39 protoss039 the Digger (level 3, 0/26 HPs)
             Began as a Demonspawn Earth Elementalist on Mar 12, 2023.
             Killed by divine providence
             ... invoked by an orc priest
              (12 damage)
             ... on level 3 of the Dungeon.
             The game lasted 00:01:49 (1995 turns).

protoss039 the Digger (DsEE)                        Turns: 1995, Time: 00:01:50

Health: 0/26       AC:  9    Str:  8    XL:     3   Next: 28%
Magic:  4/6        EV: 10    Int: 18    God:
Gold:   69         SH:  0    Dex: 13    Spells: 4/7 levels left

rFire   . . .      SeeInvis .   r - +0 spear
rCold   . . .      Faith    .   (no shield)
rNeg    . . .      Spirit   .   h - +0 ring mail
rPois   .          Reflect  .   (no helmet)
rElec   .          Harm     .   (no cloak)
rCorr   .          Rampage  .   (no gloves)
Will    .....                   (no boots)
Stlth   +.........              (no amulet)
HPRegen 0.08/turn               k - +4 ring of protection
MPRegen 0.10/turn               (no ring)

@: no status effects
A: claws 1
a: no special abilities


You were on level 3 of the Dungeon.
You visited 1 branch of the dungeon, and saw 3 of its levels.

You collected 69 gold pieces.

Inventory:

Hand Weapons
 r - a +0 spear (weapon)
Missiles
 c - 4 atropa-tipped darts
 e - 2 javelins
Armour
 h - a +0 ring mail (worn)
Jewellery
 k - a +4 ring of protection (left claw)
 q - a +4 ring of evasion
Scrolls
 a - 4 scrolls of poison {unknown}
 f - 6 scrolls of identify {unknown}
 g - a scroll of noise {unknown}
 i - a scroll of torment {unknown}
 l - a scroll of amnesia {unknown}
 m - a scroll of blinking {unknown}
Potions
 b - a potion of magic
 d - a potion of ambrosia {unknown}
 j - 2 potions of haste {unknown}
 o - a potion of curing {unknown}
 p - a potion of degeneration {unknown}


   Skills:
 + Level 1.5 Fighting
 - Level 1.7 Dodging
 - Level 1.7 Stealth
 + Level 2.5 Spellcasting
 - Level 0.8 Transmutations
 + Level 3.2 Earth Magic


You had 4 spell levels left.
You knew the following spells:

 Your Spells              Type           Power      Damage    Failure   Level
a - Sandblast             Erth           26%        2d8       14%         1
b - Passwall              Tmut/Erth      7%         N/A       34%         2

Your spell library contained the following spells:

 Spells                   Type           Power      Damage    Failure   Level
 Ensorcelled Hibernation  Hex/Ice        4%         N/A       63%         2
 Stone Arrow              Conj/Erth      16%        3d8       63%         3
 Swiftness                Air            2%         N/A       85%         3
 Petrify                  Tmut/Erth      9%         N/A       92%         4


Dungeon Overview and Level Annotations

Branches:
Dungeon (3/15) Zot: 15976

Altars:

Annotations:
D:2 1 runed translucent door, Crazy Yiuf


Innate Abilities, Weirdness & Mutations

You have sharp fingernails.


Message History

Unknown command.
You hit the hobgoblin but do no damage.
The hobgoblin is almost dead.
The hobgoblin hits you but does no damage.
Unknown command.
You hit the hobgoblin.
You kill the hobgoblin!
Unknown command.
No target in view!
HP restored.
Found a stone staircase leading up.
An orc comes into view. It is wielding a +0 hand axe.
An orc priest comes into view. It is wielding a +0 war axe.
The orc shouts!
The orc priest invokes the aid of Beogh against you.
Beogh smites you!
Ouch! That really hurt!
There are monsters nearby!
You are too injured to fight recklessly!
There are monsters nearby!
You are too injured to fight recklessly!
There are monsters nearby!
Unknown command.
Casting: Sandblast (safe; 14% risk of failure)
Confirm with . or Enter, or press ? or * to list all spells.
Aiming: Sandblast (safe; 14% risk of failure)
Press: ? - help, Shift-Dir - straight line, f - orc
Aim: an orc, wielding a +0 hand axe (82% to hit)
The blast of sand hits the orc!
You kill the orc!
Unknown command.
Casting: Sandblast (safe; 14% risk of failure)
Confirm with . or Enter, or press ? or * to list all spells.
Aiming: Sandblast (safe; 14% risk of failure)
Press: ? - help, Shift-Dir - straight line, f - orc priest
Aim: an orc priest, wielding a +0 war axe (82% to hit)
The blast of sand misses the orc priest.
The orc priest calls down the wrath of Beogh upon you.
Beogh smites you!
You die...

#.#)# #)#.# #.#.#
#.#.. #.#..
#############.#..
..............#
........#######.
#..<....@.......
#.####.....#####
# ........o..
####.....###.#
#.##### #. #. #.


You could see an orc priest.

Vanquished Creatures
  An adder (D:2)
  An orc (D:3)
  3 endoplasms (D:1)
  A giant cockroach (D:2)
  2 goblins (D:3)
  3 hobgoblins
  2 jackals (D:1)
  3 kobolds
  A quokka (D:1)
  3 ball pythons
  3 bats
  A frilled lizard (D:1)
  5 rats
29 creatures vanquished.

Notes
Turn   | Place    | Note
-------+----------+-------------------------------------------
     0 | D:1      | protoss039 the Demonspawn Earth Elementalist began the
                  | quest for the Orb.
     0 | D:1      | Reached XP level 1. HP: 13/13 MP: 3/3
   394 | D:1      | Gained mutation: You have sharp fingernails. [demonic
                  | ancestry]
   394 | D:1      | Reached XP level 2. HP: 20/20 MP: 3/5
   491 | D:1      | Reached skill level 1 in Fighting
   539 | D:1      | Reached skill level 3 in Earth Magic
  1017 | D:1      | Learned a level 2 spell: Passwall
  1493 | D:2      | Reached XP level 3. HP: 22/26 MP: 3/6
  1588 | D:2      | Found a runed translucent door.
  1589 | D:2      | Noticed Crazy Yiuf
  1784 | D:2      | You fall into a shaft and drop 1 floor!
  1995 | D:3      | Killed from afar by an orc priest

Illustrated notes

Levels and vault maps discovered:
D:1:      onia_arrival_mini_spirals, layout_rooms, minmay_liquid_box
D:2:      layout_basic, serial_bayou_pond_d, uniq_crazy_yiuf_cottage
D:3:      layout_basic, nicolae_dithmenos_the_darkroom, uniq_robin, uniq_ijyb

Skill      XL: |  1  2 |
---------------+-------+-----
Fighting       | 1 |  1.5
Earth Magic    | 3 |  3.2
Dodging        | |  1.7
Stealth        | |  1.7
Spellcasting   | |  2.5
Transmutations | |  0.8

Action                   || total
-------------------------++-------
Melee: Unarmed           ||    10
       Club              ||    29
       Trident           ||    15
       Spear             ||    19
       Punch             ||     2
 Cast: Sandblast         ||    31
Armor: Ring mail         ||    43
       Robe              ||     1
Dodge: Dodged            ||    58
